 Dungeon Sprint DCSS version 0.16-b1 (webtiles) character file.

371 Medar the Zephyrmancer (level 6, 0/36 HPs)
             Began as a High Elf Air Elementalist on Mar 6, 2015.
             Was an Initiate of Vehumet.
             Killed from afar by Sonja (10 damage)
             ... with a wand of frost
             ... in the Dungeon (Sprint I: "Red Sonja").
             The game lasted 00:04:12 (565 turns).

Medar the Zephyrmancer (High Elf Air Elementalist)   Turns: 565, Time: 00:04:12

Health: 0/36       AC:  2    Str:  7    XL:     6   Next: 42%
Magic:  14/21      EV: 13    Int: 20    God:    Vehumet [......]
Gold:   322        SH:  0    Dex: 17    Spells: 5 memorised, 5 levels left

rFire  . . .     SeeInvis .     e - +0 club
rCold  . . .     Clarity  .     a - +0 robe
rNeg   . . .     SustAb   .     (no shield)
rPois  .         Gourm    .     (no helmet)
rElec  .         Spirit   .     (no cloak)
rCorr  .         Warding  .     (no gloves)
rMut   .         NoTele   +     (no boots)
MR     .....                    (no amulet)
Stlth  ++........               (no ring)
                                (no ring)

@: repel missiles, not resistant to hostile enchantments, unstealthy
A: no striking features
a: Renounce Religion


You were in the Dungeon.
You worshipped Vehumet.
Vehumet was noncommittal.
You were not hungry.

You visited 1 branch You collected 322 gold pieces.

Inventory:

Hand weapons
 e - a +0 club (weapon)
Armour
 a - a +0 robe (worn)
Scrolls
 i - a scroll of blinking
Potions
 f - a potion of haste
 g - 2 potions of magic
 h - a potion of berserk rage {!q}
Books
 b - a book of Air

   Spells                             Type                      Level
   a - Shock                          Conjuration/Air              1
   b - Swiftness                      Charms/Air                   2
   c - Repel Missiles                 Charms/Air                   2
   d - Flight                         Charms/Air                   3
   e - Static Discharge               Conjuration/Air              3
   f - Lightning Bolt                 Conjuration/Air              5
Comestibles
 c - a bread ration


   Skills:
 + Level 0.0 Fighting
 + Level 2.1 Dodging
 - Level 2.1 Stealth
 - Level 6.7 Spellcasting
 - Level 10.0 Conjurations
 - Level 10.8 Air Magic


You had 5 spell levels left.
You knew the following spells:

 Your Spells              Type           Power        Failure   Level  Hunger
b - Lightning Bolt        Conj/Air       #####.....   4%          5    #####..
c - Static Discharge      Conj/Air       #####...     1%          3    #......
e - Swiftness             Chrm/Air       ####....     1%          2    None
r - Repel Missiles        Chrm/Air       ####..       1%          2    None
x - Shock                 Conj/Air       ####         1%          1    None


Dungeon Overview and Level Annotations

Branches:
Dungeon (1/1)

Altars:
Elyvilon
Gozag
Kikubaaqudgha
Makhleb
Nemelex Xobeh
Okawaru
Qazlal
Ru
Sif Muna
Trog
Vehumet
Xom
Yredelemnul
Zin
The Shining One

Shops:
D =

Annotations:
D Sonja


Message History

Confirm with . or Enter, or press ? or * to list all spells.
Sonja is struck by lightning.
Sonja is heavily wounded.
The lightning arcs!
You are struck by lightning.
The lightning arcs!
Sonja is struck by lightning.
Sonja is severely wounded.
The lightning grounds out.
Sonja hits you with a dagger of distortion!
Space bends around you.
* * * LOW HITPOINT WARNING * * *
Sonja misses you.
Sonja hits you with a dagger of distortion.
* * * LOW HITPOINT WARNING * * *
Space bends around you.
* * * LOW HITPOINT WARNING * * *
Sonja closely misses you. x2
Sonja hits you but does no damage.
You feel a strange sense of stasis.
Drink which item? (? for menu, Esc to quit)
You feel better.
Sonja zaps a wand.
The puff of frost hits you!
You die...

#..#####'#####'#
#..####..#...#.#
#.)#__####..##.#
#..#_..__##'#..+
#⌠⌠#_.∩...'..._#
####_..._##_.#'#
#_____###'#(#
#########.###


+$@$+ #$K$# ##.## #+# You could see Sonja.

Vanquished Creatures
  A yak (D)
  An ogre (D)
  Sigmund (D)
  A jelly (D)
  Ijyb (D)
5 creatures vanquished.

Notes
Turn   | Place    | Note
--------------------------------------------------------------
     0 | D        | Medar, the High Elf Air Elementalist, began the quest for the Orb.
     0 | D        | Reached XP level 1. HP: 11/11 MP: 4/4
     2 | D        | Noticed Ijyb
    27 | D        | Killed Ijyb
    27 | D        | Reached skill level 4 in Conjurations
    27 | D        | Reached skill level 5 in Air Magic
    27 | D        | Reached XP level 2. HP: 9/17 MP: 0/6
   184 | D        | Learned a level 2 spell: Swiftness
   194 | D        | Noticed an ogre
   199 | D        | Killed an ogre
   199 | D        | Reached skill level 7 in Conjurations
   199 | D        | Reached XP level 3. HP: 21/21 MP: 2/11
   199 | D        | Reached XP level 4. HP: 27/27 MP: 2/14
   204 | D        | Learned a level 3 spell: Static Discharge
   291 | D        | Noticed Sigmund
   309 | D        | Killed Sigmund
   309 | D        | Reached skill level 5 in Spellcasting
   309 | D        | Reached skill level 8 in Conjurations
   309 | D        | Reached skill level 9 in Air Magic
   309 | D        | Reached XP level 5. HP: 28/31 MP: 5/18
   316 | D        | Learned a level 5 spell: Lightning Bolt
   352 | D        | Found a deep blue altar of Sif Muna.
   353 | D        | Noticed a jelly
   354 | D        | Found a radiant altar of Vehumet.
   392 | D        | Killed a jelly
   430 | D        | Found Dumnous' Jewellery Emporium.
   430 | D        | Found a white marble altar of Elyvilon.
   430 | D        | Found a stormy altar of Qazlal.
   430 | D        | Found a basalt altar of Yredelemnul.
   430 | D        | Found an iron altar of Okawaru.
   430 | D        | Found a sparkling altar of Nemelex Xobeh.
   430 | D        | Found a shimmering altar of Xom.
   430 | D        | Found an ancient bone altar of Kikubaaqudgha.
   430 | D        | Noticed a yak
   435 | D        | Killed a yak
   435 | D        | Reached skill level 10 in Conjurations
   435 | D        | Reached skill level 10 in Air Magic
   435 | D        | Reached XP level 6. HP: 22/36 MP: 3/21
   439 | D        | Learned a level 2 spell: Repel Missiles
   439 | D        | Found a burning altar of Makhleb.
   439 | D        | Found a sacrificial altar of Ru.
   439 | D        | Found a glowing golden altar of the Shining One.
   439 | D        | Found an opulent altar of Gozag.
   439 | D        | Found a glowing silver altar of Zin.
   440 | D        | Found a bloodstained altar of Trog.
   449 | D        | Became a worshipper of Vehumet
   559 | D        | Noticed Sonja
   565 | D        | Killed from afar by Sonja

Action                   |  1- 3 |  4- 6 || total
-------------------------+-------+-------++-------
Melee: Unarmed           |    12 |       ||    12
 Cast: Shock             |     9 |     6 ||    15
       Static Discharge  |       |     9 ||     9
       Swiftness         |       |     1 ||     1
       Repel Missiles    |       |     1 ||     1
  Use: Potion            |     1 |     1 ||     2
